 Dungeon Crawl Stone Soup version 0.31-a0-960-g0fca184906 (webtiles) character file.

Game seed: 10975443498596966177

74443 BinkBink the Marksspriggan (level 15, -15/84 HPs)
             Began as a Spriggan Hunter on Oct 23, 2023.
             Was the Champion of Dithmenos.
             Killed from afar by a shock serpent (32 damage)
             ... with a bolt of electricity
             ... on level 1 of the Snake Pit.
             The game lasted 00:42:37 (22748 turns).

BinkBink the Marksspriggan (Spriggan Hunter)       Turns: 22748, Time: 00:42:38

Health: -15/84     AC:  5    Str:  7    XL:     15   Next: 6%
Magic:  16/16      EV: 29    Int: 12    God:    Dithmenos [******]
Gold:   1920       SH:  5    Dex: 28    Spells: 14/14 levels left

rFire   . . .        A - +9 arbalest (freeze)
rCold   + . .        (shield currently unavailable)
rNeg    . . .        I - +2 troll leather armour {Snorg}
rPois   +            (helmet currently unavailable)
rElec   .            M - melded scarf {repulsion}
rCorr   .            (gloves unavailable)
SInv    +            (boots unavailable)
Will    ++...        y - amulet "Minojoq" {Reflect Dex+3 SH+5}
Stlth   ++++         w - ring of poison resistance
HPRegen 1.14/turn    g - ring of protection from cold
MPRegen 0.15/turn

%: reflection
@: beast-form, wreathed by umbra, very quick
A: beast (slay +2), very small, no large weapons, unfitting armour, see
invisible, speed 3
a: Begin Untransformation, Renounce Religion, Shadow Step, Shadow Form


You were on level 1 of the Snake Pit.
You worshipped Dithmenos.
Dithmenos was exalted by your worship.
You were a hulking beast.
You visited 4 branches of the dungeon, and saw 20 of its levels.
You also visited: Ossuary and Bailey.

You collected 2752 gold pieces.
You spent 832 gold pieces at shops.

Inventory:

Hand Weapons
 a - a +0 shortbow
 A - a +9 arbalest of freezing (weapon)
 V - a +1 heavy hand cannon
Armour
 c - a +0 robe
 I - a +2 troll leather armour (worn) {Snorg}
 M - a scarf of repulsion (melded)
Jewellery
 g - a ring of protection from cold (right hand)
 p - an amulet of the acrobat
 w - a ring of poison resistance (left hand)
 y - the amulet "Minojoq" (around neck) {Reflect Dex+3 SH+5}
   (You bought it in a shop on level 5 of the Dungeon)

   [amulet of reflection]

   Reflect:   It reflects blocked missile attacks.
   Dex+3:     It affects your dexterity (+3).
   SH+5:      It affects your SH (+5).
 H - a ring of ice
 K - a ring of wizardry
 U - a ring of positive energy
 W - an amulet of guardian spirit
Talismans
 T - a beast talisman (active)
Wands
 n - a wand of polymorph (9)
 G - a wand of flame (41)
 J - a wand of acid (8)
 L - a wand of digging (4)
 N - a wand of paralysis (11)
 O - a wand of mindburst (8)
 P - a wand of iceblast (8)
Scrolls
 b - a scroll of butterflies
 d - 4 scrolls of vulnerability
 e - 8 scrolls of teleportation
 j - a scroll of blinking
 k - 2 scrolls of poison
 l - 2 scrolls of fog
 r - 4 scrolls of noise
 v - a scroll of torment
 E - a scroll of summoning
 F - 3 scrolls of enchant armour
 Q - 4 scrolls of fear
 S - a scroll of immolation
 X - a scroll of brand weapon
 Y - a scroll of amnesia {unknown}
Potions
 f - 6 potions of curing
 h - 6 potions of enlightenment
 i - 3 potions of mutation
 m - 4 potions of brilliance
 o - 4 potions of lignification
 q - 4 potions of cancellation
 s - 14 potions of heal wounds
 t - a potion of degeneration
 u - 3 potions of might
 x - a potion of resistance
 z - 2 potions of ambrosia
 B - 2 potions of haste
 C - 2 potions of invisibility
 D - 2 potions of magic
 R - 2 potions of attraction


   Skills:
 + Level 12.0 Fighting
 * Level 19.3 Ranged Weapons
 + Level 6.5 Armour
 + Level 11.5 Dodging
 - Level 1.5 Stealth
 + Level 5.0 Evocations
 + Level 4.5 Shapeshifting


You had 14 spell levels left.
You didn't know any spells.
Your spell library contained the following spells:

 Spells                   Type           Power      Damage    Failure   Level
 Foxfire                  Conj/Fire      0%         2x1d4     43%         1
 Blink                    Tloc           0%         N/A       56%         2
 Cigotuvi's Dreadful Rot  Necr/Pois/Air  0%         N/A       56%         2
 Ensorcelled Hibernation  Hex/Ice        0%         N/A       56%         2
 Jinxbite                 Hex            0%         N/A       56%         2
 Passwall                 Tmut/Erth      0%         N/A       56%         2
 Poisonous Vapours        Pois/Air       0%         N/A       56%         2
 Dazzling Flash           Conj/Hex       0%         N/A       80%         3
 Frozen Ramparts          Ice            0%         1d1       80%         3
 Ignite Poison            Fire/Tmut/Pois 0%         N/A       80%         3
 Mephitic Cloud           Conj/Pois/Air  0%         N/A       80%         3
 Swiftness                Air            0%         N/A       80%         3
 Anguish                  Hex/Necr       0%         N/A       99%         4
 Animate Dead             Necr           0%         N/A       99%         4
 Manifold Assault         Tloc           0%         N/A       99%         4
 Petrify                  Tmut/Erth      0%         N/A       99%         4
 Sticky Flame             Conj/Fire      0%         2d3       99%         4
 Summon Ice Beast         Ice/Summ       0%         N/A       99%         4
 Agony                    Necr           0%         N/A       100%        5
 Freezing Cloud           Conj/Ice/Air   0%         6-21      100%        5
 Metabolic Englaciation   Hex/Ice        0%         N/A       100%        5
 Silence                  Hex/Air        0%         N/A       100%        5
 Summon Mana Viper        Hex/Summ       0%         N/A       100%        5
 Plasma Beam              Fire/Air       0%         2x1d10    100%        6
 Starburst                Conj/Fire      0%         6d3       100%        6
 Haunt                    Necr/Summ      0%         N/A       100%        7
 Monstrous Menagerie      Summ           0%         N/A       100%        7
 Ozocubu's Refrigeration  Ice            0%         4d7       100%        7
 Ignition                 Fire           0%         3d3       100%        8
 Infestation              Necr           0%         N/A       100%        8


Dungeon Overview and Level Annotations

Branches:
Dungeon (12/15)            Temple (0/1) D:6            Lair (5/5) D:8
  Swamp (0/4) Lair:3        Snake (1/4) Lair:3        Slime (0/5) Lair:4
    Orc (2/2) D:10            Elf (0/3) Orc:2       Ossuary (visited)
 Bailey (visited)

Altars:
Ashenzari
Dithmenos
Fedhas
Gozag
Kikubaaqudgha
Makhleb
Okawaru
Ru
Sif Muna
Uskayaw
Jiyva

Shops:
D:5 [:=?(   D:11 (=   Orc:1 [[   Orc:2 [(=(


Innate Abilities, Weirdness & Mutations

You are a hulking beast.
Your limbs bulge with bestial killing power. (Slay +2)
You are very small and have problems with some larger weapons.
You are too small for most types of armour.
You have supernaturally acute eyesight. (SInv)
You cover ground extremely quickly. (Speed+++)


Message History

Your shadow shoots a bolt.
The bolt hits the shock serpent!
You shoot a bolt. The bolt misses the shock serpent.
The shock serpent shoots out a bolt of lightning at you!
The bolt of electricity hits you!!
You emit a cloud of dark smoke.
You shoot a bolt. The bolt hits the shock serpent!
The shock serpent seems to slow down.
The bolt freezes the shock serpent.
The shock serpent is moderately wounded.
Your shadow shoots a bolt.
The bolt hits the shock serpent.
The shock serpent's electric aura discharges, shocking you!
You shoot a bolt.
The bolt barely misses the shock serpent.
Your shadow shoots a bolt.
The bolt hits the shock serpent!
You shoot a bolt. The bolt hits the shock serpent!
The bolt freezes the shock serpent.
The shock serpent is almost dead.
Your shadow shoots a bolt.
The bolt barely misses the shock serpent.
The shock serpent's electric aura discharges, shocking you!
You emit a cloud of dark smoke.
The shock serpent closely misses you.
You are too injured to fight recklessly!
Fire: A) +9 arbalest (freeze)
Press: ? - help, Q - select action, (/) - cycle Shift-Dir - straight line, f/p - shock serpent
Aim: a shock serpent (black smoke, almost dead, slow, umbra, 70% to hit)
You shoot a bolt.
The bolt closely misses the shock serpent.
Your shadow shoots a bolt.
The bolt completely misses the shock serpent.
The shock serpent shoots out a bolt of lightning at you!
The bolt of electricity hits you!!
* * * LOW HITPOINT WARNING * * *
You emit a cloud of dark smoke.
Fire: A) +9 arbalest (freeze)
Press: ? - help, Q - select action, (/) - cycle Shift-Dir - straight line, f/p - shock serpent
Aim: a shock serpent (black smoke, almost dead, slow, umbra, 70% to hit)
You shoot a bolt.
The bolt closely misses the shock serpent.
The shock serpent is no longer moving slowly.
The shock serpent shoots out a bolt of lightning at you!
The bolt of electricity hits you!!
You die...

####....######
#....##...##
.............#
......##...##
.............#
...... #...##
.............#
...... #...##
.............#
... #...##
.............#
#.".##
.............#
#N..##
..........§§§#
#
#########.§§h#
# #.§S§§#
..)..§§§§#
.........#
.........#
....######
.... ...


You could see a shock serpent.

Vanquished Creatures
  Nessos (Lair:3)
  Snorg (D:12)
  4 hydras
  A catoblepas (Lair:2)
  2 boulder beetles
  An anaconda (Snake:1)
  5 two-headed ogres
  A naga warrior (Snake:1)
  A shock serpent (Snake:1)
  3 orc high priests (Orc:2)
  3 skysharks
  2 bog bodies (Lair:3)
  A lindwurm (Lair:3)
  A naga ritualist (Snake:1)
  A deep elf pyromancer (D:10)
  4 orc knights (Orc:2)
  7 oklob plants
  An ugly thing (D:12)
  5 orc sorcerers
  A cyclops (D:11)
  9 slime creatures (D:12)
  11 elephants
  4 black mambas
  A naga mage (Snake:1)
  A kobold demonologist (D:11)
  2 unseen horrors (D:12)
  21 cane toads
  4 rime drakes
  13 komodo dragons
  7 polar bears
  2 trolls
  21 blink frogs
  Grinder (D:4)
  4 hornets (Lair:5)
  13 dream sheep
  A shadow (D:12)
  10 spriggans (Lair:5)
  3 wraiths
  48 yaks
  5 basilisks
  A wyvern (Lair:5)
  A human (D:10)
  2 steam dragons
  11 vampire mosquitoes
  3 wargs
  3 acid dragons
  15 water moccasins
  11 nagas
  24 orc warriors
  5 black bears
  3 ogres
  30 wolves
  3 centaurs
  5 boggarts (Lair:5)
  A phantom (D:6)
  4 kobold brigands
  18 bullfrogs
  2 gnoll sergeants
  A scorpion (D:5)
  A wight (D:6)
  8 killer bees (D:8)
  4 electric eels (Lair:1)
  A crimson imp (D:10)
  A howler monkey (D:6)
  3 jellies
  3 hounds
  7 orc priests
  A gnoll bouda (D:7)
  An iguana (D:5)
  A sleepcap (D:6)
  16 orc wizards
  3 mummies (Ossuary)
  11 gnolls
  5 adders
  A shadow imp (D:8)
  3 white imps
  2 ufetubi (D:5)
  An adder zombie (Ossuary)
  5 worms
  66 orcs
  7 ball pythons
  7 endoplasms
  A giant cockroach (D:1)
  A gnoll zombie (Ossuary)
  5 goblins
  4 hobgoblins
  2 jackals (D:2)
  6 quokkas
  4 bats
  2 frilled lizards
  3 goblin zombies (Ossuary)
  A hobgoblin zombie (Ossuary)
  27 kobolds
  3 kobold zombies (Ossuary)
  4 quokka zombies (Ossuary)
  2 rats
  5 rat zombies (Ossuary)
598 creatures vanquished.

Notes
Turn   | Place    | Note
-------+----------+-------------------------------------------
     0 | D:1      | BinkBink the Spriggan Hunter began the quest for the Orb.
     0 | D:1      | Reached XP level 1. HP: 10/10 MP: 2/2
   222 | D:1      | Reached XP level 2. HP: 15/15 MP: 3/3
   872 | D:2      | Reached XP level 3. HP: 18/18 MP: 4/4
  1006 | D:2      | Found a broken altar of Ashenzari.
  1782 | D:3      | Reached skill level 5 in Ranged Weapons
  1928 | D:3      | Reached XP level 4. HP: 19/23 MP: 5/5
  2016 | D:3      | Found a faded altar of an unknown god.
  2226 | D:4      | Noticed Grinder
  2237 | D:4      | Killed Grinder
  2238 | D:4      | Reached skill level 6 in Ranged Weapons
  2238 | D:4      | Reached XP level 5. HP: 12/28 MP: 6/6
  2238 | D:4      | Reached XP level 6. HP: 13/32 MP: 7/7
  2521 | D:4      | HP: 1/32 [poisoned by an orc wizard]
  2675 | D:4      | Found a sand-covered staircase.
  2685 | Ossuary  | Entered an ossuary
  2739 | Ossuary  | Reached skill level 7 in Ranged Weapons
  3573 | D:4      | Reached XP level 7. HP: 37/37 MP: 8/8
  3711 | D:5      | Entered Level 5 of the Dungeon
  3823 | D:5      | Found Jeymim's Antique Weapon Shoppe.
  3838 | D:5      | Found a shadowy altar of Dithmenos.
  3846 | D:5      | Found a burning altar of Makhleb.
  3853 | D:5      | Became a worshipper of Dithmenos the Shadowed
  3902 | D:5      | Found Wedyuz's Jewellery Shoppe.
  3906 | D:5      | Identified the +2 pair of boots of Ylosan {rElec Int-4 SInv
                  | Stlth+}
  4067 | D:5      | Found Avoes's Magic Scroll Shoppe.
  4252 | D:5      | Reached skill level 8 in Ranged Weapons
  4274 | D:5      | Identified the +6 chain mail "Imam" {-Tele Fly Int+2}
  4465 | D:5      | Identified the +1 trident of the Grave {vamp, rPois rF+}
  4549 | D:5      | Found Hurizae's Book Boutique.
  4861 | D:5      | Found Tesecos's Armour Boutique.
  4984 | D:6      | Identified the of Paar
  4987 | D:6      | Found a hide-covered altar of Uskayaw.
  5035 | D:6      | Found a shimmering blue altar of Sif Muna.
  5127 | D:6      | Found a blossoming altar of Fedhas.
  5353 | D:6      | Found a staircase to the Ecumenical Temple.
  5377 | D:6      | Reached XP level 8. HP: 42/42 MP: 9/9
  5592 | D:6      | Reached skill level 5 in Fighting
  5592 | D:6      | Reached skill level 9 in Ranged Weapons
  5983 | D:6      | Reached * piety under Dithmenos
  6049 | D:6      | Found an opulent altar of Gozag.
  6278 | D:7      | Reached skill level 10 in Ranged Weapons
  6509 | D:7      | Reached XP level 9. HP: 28/48 MP: 10/10
  6932 | D:7      | Reached skill level 11 in Ranged Weapons
  7310 | D:7      | Found a sacrificial altar of Ru.
  7734 | D:8      | Reached ** piety under Dithmenos
  7926 | D:8      | Reached skill level 12 in Ranged Weapons
  8149 | D:8      | Found a staircase to the Lair.
  8150 | D:8      | Found a flagged portal.
  8159 | Bailey   | Entered a bailey
  8993 | Bailey   | Reached XP level 10. HP: 55/55 MP: 11/11
  9593 | D:8      | Identified the +0 flail of the Fray {drain, Str+3 Int+4}
 10581 | D:9      | Noticed a two-headed ogre
 10596 | D:9      | Killed a two-headed ogre
 10597 | D:9      | Reached skill level 13 in Ranged Weapons
 11036 | D:9      | Identified a scroll of acquirement
 11036 | D:9      | Acquired 850 gold pieces
 11245 | D:5      | Bought the amulet "Minojoq" {Reflect Dex+3 SH+5} for 606
                  | gold pieces
 11369 | D:14     | Identified the "Onu Atud"
 11369 | Lair:1   | Entered Level 1 of the Lair of Beasts
 11427 | D:10     | Entered Level 10 of the Dungeon
 11511 | D:10     | Reached *** piety under Dithmenos
 11520 | D:10     | Found an iron altar of Okawaru.
 11524 | D:10     | Reached skill level 14 in Ranged Weapons
 11764 | D:10     | Found a staircase to the Orcish Mines.
 11884 | D:10     | Noticed a two-headed ogre
 11887 | D:10     | Killed a two-headed ogre
 11888 | D:10     | Reached XP level 11. HP: 60/60 MP: 12/12
 11963 | D:10     | Noticed a deep elf pyromancer
 11968 | D:10     | Killed a deep elf pyromancer
 12209 | D:10     | Found an ancient bone altar of Kikubaaqudgha.
 12320 | D:11     | Noticed a two-headed ogre
 12705 | D:11     | Noticed a boulder beetle
 12716 | D:11     | Killed a boulder beetle
 12717 | D:11     | Reached skill level 15 in Ranged Weapons
 12754 | D:11     | Killed a two-headed ogre
 12924 | D:11     | Found Pisonet's Jewellery Boutique.
 13003 | D:11     | Found Fuorioth's Weapon Shop.
 13123 | D:12     | Noticed a two-headed ogre
 13131 | D:12     | Killed a two-headed ogre
 13515 | D:12     | Noticed Snorg
 13525 | D:12     | Killed Snorg
 13655 | D:12     | Reached skill level 1 in Armour
 13766 | D:12     | Reached **** piety under Dithmenos
 13907 | D:12     | Reached skill level 16 in Ranged Weapons
 13913 | D:12     | Reached XP level 12. HP: 67/67 MP: 13/13
 14821 | Lair:1   | Reached skill level 5 in Dodging
 14853 | Lair:1   | Reached skill level 10 in Fighting
 15173 | Lair:1   | Reached ***** piety under Dithmenos
 15378 | Lair:1   | Reached skill level 17 in Ranged Weapons
 15811 | Lair:2   | Noticed a four-headed hydra
 16122 | Lair:2   | Reached XP level 13. HP: 72/72 MP: 14/14
 16950 | Lair:2   | Identified the +0 scimitar of Huceodgh {venom, Contam rC++
                  | Dex+2}
 17226 | Lair:3   | Found a staircase to the Swamp.
 17284 | Lair:3   | Reached skill level 18 in Ranged Weapons
 17326 | Lair:3   | Found a staircase to the Snake Pit.
 17407 | Lair:3   | Noticed Nessos
 17411 | Lair:3   | Killed Nessos
 17412 | Lair:3   | Reached skill level 5 in Armour
 18722 | Lair:4   | Found a viscous altar of Jiyva.
 18725 | Lair:4   | Reached XP level 14. HP: 79/79 MP: 15/15
 18856 | Lair:4   | Found a staircase to the Slime Pits.
 18859 | Lair:4   | Reached ****** piety under Dithmenos
 18860 | Lair:4   | Reached skill level 10 in Dodging
 19129 | Lair:5   | Entered Level 5 of the Lair of Beasts
 19353 | Lair:5   | Reached skill level 1 in Evocations
 19363 | Lair:5   | Reached skill level 1 in Shapeshifting
 19516 | Lair:5   | Identified the +2 kite shield of Contentment {Int+7}
 20219 | Lair:5   | Reached skill level 19 in Ranged Weapons
 20908 | Orc:1    | Entered Level 1 of the Orcish Mines
 20992 | Orc:1    | Found Goss's Armour Shop.
 21162 | Orc:1    | Found Deebemae's Armour Shop.
 21271 | Orc:2    | Entered Level 2 of the Orcish Mines
 21272 | Orc:2    | Found a staircase to the Elven Halls.
 21969 | Orc:2    | Found Owkuv's Armour Emporium.
 21969 | Orc:2    | Found Ronlup's Weapon Shop.
 21971 | Orc:2    | Found Vefirr's Jewellery Emporium.
 21971 | Orc:2    | Found Fufel's Weapon Shop.
 21981 | Orc:2    | Bought a +1 heavy hand cannon for 226 gold pieces
 22229 | Snake:1  | Entered Level 1 of the Snake Pit
 22546 | Snake:1  | Reached XP level 15. HP: 84/84 MP: 16/16
 22742 | Snake:1  | Reached skill level 5 in Evocations
 22748 | Snake:1  | Killed from afar by a shock serpent

Illustrated notes

Levels and vault maps discovered:
D:1:      elethiomel_arrival_maze, layout_basic
D:2:      layout_basic, basic_altar, minivault_14
D:3:      layout_basic, basic_ecumenical_altar, nicolae_underground_beach
D:4:      layout_gridville, lightli_ossuary_entry_decrepit_ruins, uniq_grinder
D:5:      layout_cave_pods, mainiacjoe_overflow_catch_the_wave, serial_shops,
          nicolae_stop_n_shop_2, nicolae_shop_behind_doors, shop,
          kennysheep_little_box, shop, chequers_jeans, corexii_shack,
          minmay_between
D:6:      layout_gridville, lemuel_round_altar, fedhas_altar_2,
          nicolae_overflow_crystal_walls, minmay_temple_entry_ruins,
          kennysheep_crisscross, minmay_ruined_shrine
D:7:      layout_loops_corners, nicolae_ru_awakened_eye, minmay_misc_feat_chi,
          dreamdust_gnoll_shepherd
D:8:      layout_loops_ring, lair_entry_dummy, enter_bailey_2
D:9:      layout_stronghold
D:10:     layout_stronghold, mainiacjoe_overflow_alcove_2,
          mainiacjoe_overflow_brackets, david_orc_2, hangedman_stone_soup,
          nicolae_kite_square_tiling_tiny, minmay_misc_feat_rugged,
          minmay_misc_feat_alley, minivault_16, grunt_decor_one_mirror
D:11:     layout_basic, serial_shops, shop, shop
D:12:     layout_gridville, uniq_snorg
Lair:1:   layout_long_grid, serial_bayou, serial_bayou_lake_a,
          serial_bayou_pond_b, serial_bayou_ford_a, serial_bayou_pond_e,
          grunt_forest_small_clearings, patterned_corridor
Lair:2:   minmay_lair_oklob_chamber, layout_loops_ring, beast_lair_carwin_2
Lair:3:   layout_hall_layers, skrybe_swamp_entry_bodies,
          minmay_snake_entry_guardpost_medium, chequers_serial_rivers_micro_a,
          uniq_nessos
Lair:4:   layout_cave_shapes, minmay_slime_entry_oklob_enclosed,
          serial_bayou_shore_a
Lair:5:   minmay_lair_end_enchanted_forest, layout_cave_pods, serial_rivers,
          chequers_serial_rivers_large_a, chequers_serial_rivers_room_b,
          chequers_serial_rivers_micro_d, chequers_serial_rivers_small_a,
          chequers_serial_rivers_small_3
Snake:1:  layout_grid_maze
Orc:1:    layout_caves, serial_shops, nicolae_shop_behind_doors,
          nicolae_lakefront_shop
Orc:2:    grunt_orc_tribal_feast, layout_diamond_mine

Skill      XL: |  1  2  3  4  5  6  7  8  9 10 11 12 13 14 15 |
---------------+----------------------------------------------+-----
Fighting       | 2 3 4 5 7 8 9 10 11 12 | 12.0
Ranged Weapons | 5 6 7 8 10 12 14 16 17 18 19 | 19.3
Dodging        | 4 7 9 11 | 11.5
Armour         | 1 3 5 6 |  6.5
Evocations     | 4 5 |  5.0
Shapeshifting  | 4 |  4.5
Stealth        | |  1.5

Action                     |  1- 3 |  4- 6 |  7- 9 | 10-12 | 13-15 || total
---------------------------+-------+-------+-------+-------+-------++-------
  Melee: Shortbow          |       |     3 |       |       |       ||     3
   Fire: Shortbow          |   101 |   183 |   391 |       |       ||   675
         Arbalest          |       |       |   113 |   527 |   688 ||  1328
    Use: Scroll            |       |       |    17 |    18 |     6 ||    41
 Armour: Robe              |     8 |    12 |    78 |    18 |       ||   116
         Troll leather arm |       |       |       |    40 |    82 ||   122
  Dodge: Dodged            |    27 |    69 |   189 |   153 |   233 ||   671
         Repelled          |       |       |       |       |     6 ||     6
  Block: Other             |       |       |       |    45 |    41 ||    86
         Reflection        |       |       |       |     3 |     5 ||     8
   Form: Beast             |       |       |       |       |     1 ||     1

Table legend: (Time is in decaauts)
 A = Elapsed time spent in this place.
 B = Non-inter-level travel time spent in this place.
 C = Inter-level travel time spent in this place.
 D = Time resting spent in this place.
 E = Time spent auto-exploring this place.
 F = Levels seen in this place.
 G = Mean time per level.
                   A        B        C        D        E       F      G
               +--------+--------+--------+--------+--------+-----+--------+
         Total |  16874 |  15881 |    993 |   3630 |   8292 |  22 |  767.0 |
       Dungeon |   9542 |   8885 |    657 |   1506 |   5190 |  12 |  795.2 |
          Lair |   4446 |   4173 |    273 |    661 |   2386 |   5 |  889.2 |
     Snake Pit |    382 |    382 |      0 |    103 |    170 |   1 |  382.0 |
  Orcish Mines |    820 |    759 |     61 |     99 |    471 |   2 |  410.0 |
       Ossuary |    483 |    483 |      0 |    300 |     51 |   1 |  483.0 |
        Bailey |   1199 |   1199 |      0 |    961 |     22 |   1 | 1199.0 |
               +--------+--------+--------+--------+--------+-----+--------+

Top non-repeatable levels by time:
    D:12: 1208 daAuts
  Bailey: 1199 daAuts
  Lair:5: 1144 daAuts
     D:6: 1090 daAuts
     D:9: 1012 daAuts
     D:7: 1007 daAuts
  Lair:1: 993 daAuts
     D:5: 886 daAuts
  Lair:4: 851 daAuts
     D:4: 797 daAuts
    D:10: 791 daAuts
  Lair:3: 788 daAuts
     D:8: 727 daAuts
  Lair:2: 668 daAuts
     D:2: 592 daAuts
